 Dungeon Crawl Stone Soup version 0.21.1-1-g345015fe64 (webtiles) character file.

102 Khress the Sneak (level 4, -4/33 HPs)
             Began as a Vampire Assassin on Feb 18, 2018.
             Slain by a gnoll
             ... wielding a +0 spear
              (6 damage)
             ... on level 1 of the Dungeon on Feb 20, 2018.
             The game lasted 00:10:04 (2568 turns).

Khress the Sneak (Vampire Assassin)                 Turns: 2568, Time: 00:10:05

Health: -4/33      AC:  4    Str: 10    XL:     4   Next: 50%
Magic:  4/4        EV: 13    Int: 13    God:
Gold:   108        SH:  0    Dex: 16    Spells: 3/3 levels left

rFire    . . .     SeeInvis +   i - -2 short sword (curse)
rCold    + . .     Gourm    .   (no shield)
rNeg     + + .     Faith    .   c - +0 robe
rPois    +         Spirit   .   (no helmet)
rElec    .         Reflect  .   d - +1 cloak
rCorr    .         Harm     .   (no gloves)
MR       .....                  (no boots)
Stlth    +++++.....             (no amulet)
HPRegen  0.05/turn              (no ring)
MPRegen  0.09/turn              (no ring)

@: regenerating slowly
A: fangs 3, see invisible, unbreathing
a: Bat Form


You were on level 1 of the Dungeon.
You were thirsty.

You visited 1 branch of the dungeon, and saw 2 of its levels.

You collected 108 gold pieces.

Inventory:

Hand Weapons
 a - a +2 dagger
 b - a +0 blowgun
 i - a cursed -2 short sword (weapon)
 k - a +2 dagger of protection
 m - a cursed -2 dagger
Missiles
 e - 8 poisoned needles
 f - 2 curare-tipped needles
 h - 4 javelins (quivered)
Armour
 c - a +0 robe (worn)
 d - a +1 cloak (worn)
Scrolls
 j - 3 scrolls of identify
Potions
 g - 16 potions of blood
 n - a potion of berserk rage {unknown}


   Skills:
 + Level 2.2 Fighting
 + Level 3.2 Short Blades
 + Level 1.6 Throwing
 + Level 2.5 Dodging
 + Level 7.1 Stealth


You had 3 spell levels left.
You didn't know any spells.

Dungeon Overview and Level Annotations

Branches:
Dungeon (2/15)

Altars:


Innate Abilities, Weirdness & Mutations

You heal slowly.
You have razor-sharp teeth.
You have supernaturally acute eyesight. (SInv)
You can survive without breathing.


Message History

You feel better.
You feel slightly less thirsty.
The gnoll is heavily wounded.
The gnoll barely misses you.
You hit the gnoll.
The gnoll is heavily wounded.
The gnoll hits you with a club.
* * * LOW HITPOINT WARNING * * *
You hit the gnoll. You bite the gnoll, but do no damage.
The gnoll is almost dead.
The gnoll barely misses you. The gnoll hits you with a club!
* * * LOW HITPOINT WARNING * * *
You barely miss the gnoll.
You kill the gnoll!
The gnoll hits you but does no damage.
Unknown command.
There is an open door here.
Things that are here:
a club; a gnoll corpse The gnoll hits you with a spear.
You die...

##......###....##.....#
#......................
#.......###....#...####
#.......# #............
##.....## ######..###..
##..(#################
###.#................
#.#.#####..#####...
#.@.# #..####'... ###g#
#..........
#.#####..........
#.##'##..........
#.........####'##
#.####'...# ####
#.#####.>.#######
#..........%.....
#################


You could see a gnoll.

Vanquished Creatures
  3 gnolls
  2 adders (D:2)
  2 dart slugs
  4 giant cockroaches
  6 hobgoblins
  5 jackals (D:1)
  7 kobolds
  A ball python (D:2)
  5 bats
  4 frilled lizards
  6 goblins
  9 rats
54 creatures vanquished.

Notes
Turn   | Place    | Note
-------+----------+-------------------------------------------
     0 | D:1      | Khress the Vampire Assassin began the quest for the Orb.
     0 | D:1      | Reached XP level 1. HP: 16/16 MP: 1/1
    14 | D:1      | Reached skill level 6 in Stealth
    43 | D:1      | Reached XP level 2. HP: 22/22 MP: 2/2
   569 | D:1      | Reached XP level 3. HP: 11/27 MP: 3/3
  1557 | D:2      | Reached XP level 4. HP: 14/33 MP: 4/4
  2144 | D:2      | Reached skill level 7 in Stealth
  2166 | D:1      | HP: 1/33 [gnoll (6)]
  2546 | D:1      | HP: 1/33 [gnoll/club (7)]
  2568 | D:1      | Slain by a gnoll

Skill      XL: |  1  2  3  4 |
---------------+-------------+-----
Stealth        | 6 7 |  7.1
Fighting       | 2 |  2.2
Dodging        | 2 |  2.5
Short Blades   | 3 |  3.2
Throwing       | |  1.6

Action                   |  1- 3 |  4- 6 || total
-------------------------+-------+-------++-------
Melee: Dagger            |    30 |       ||    30
       Bite              |    20 |     5 ||    25
       Short sword       |   151 |    36 ||   187
  Use: Potion            |     2 |     2 ||     4
       Scroll            |     3 |       ||     3
 Stab: Sleeping          |    13 |       ||    13
       Distracted        |     1 |       ||     1
Armor: Robe              |    81 |     4 ||    85
Dodge: Dodged            |   155 |    33 ||   188
